 Dungeon Crawl Stone Soup version 0.20.1-1-g8b1a95d66d (webtiles) character file.

443 MondaySad the Firebug (level 6, -8/45 HPs)
             Began as a Draconian Fire Elementalist on Nov 27, 2017.
             Was a Believer of Vehumet.
             Shot with an arrow by a centaur (10 damage)
             ... on level 3 of the Dungeon.
             The game lasted 00:26:43 (4002 turns).

MondaySad the Firebug (Draconian Fire Elementalist) Turns: 4002, Time: 00:26:44

Health: -8/45      AC:  7    Str: 10    XL:     6   Next: 71%
Magic:  7/11       EV: 12    Int: 17    God:    Vehumet [**....]
Gold:   123        SH:  0    Dex: 12    Spells: 6/12 levels left

rFire    . . .     SeeInvis .   p - +2 quarterstaff (chaos)
rCold    . . .     Gourm    .   (shield currently unavailable)
rNeg     . . .     Faith    .   (armour unavailable)
rPois    .         Spirit   .   (helmet restricted)
rElec    .         Reflect  .   q - +0 cloak
rCorr    .         Harm     .   (no gloves)
MR       .....                  (no boots)
Stlth    ++........             (no amulet)
Regen    0.2/turn               (no ring)
MPRegen  0.2/turn               (no ring)

@: no status effects
A: unfitting armour, cold-blooded, AC +6
a: Renounce Religion


You were on level 3 of the Dungeon.
You worshipped Vehumet.
Vehumet was pleased with you.
You were not hungry.

You visited 1 branch of the dungeon, and saw 3 of its levels.
You also visited: Sewer.

You collected 123 gold pieces.

Inventory:

Hand Weapons
 k - a +1 dagger of venom
 p - a +2 quarterstaff of chaos (weapon)
Armour
 q - a +0 cloak (worn)
Jewellery
 n - an uncursed amulet of the gourmand {unknown}
Wands
 l - a wand of digging (9/24)
Scrolls
 c - a scroll of remove curse
 f - a scroll of magic mapping
 j - 2 scrolls of identify {unknown}
 m - 2 scrolls of teleportation {unknown}
 r - a scroll of blinking {unknown}
 s - 2 scrolls of noise {unknown}
Potions
 e - 2 potions of mutation {unknown}
 g - a potion of heal wounds {unknown}
 h - a potion of curing {unknown}
 i - a potion of flight {unknown}
 o - a potion of berserk rage {unknown}
 t - a potion of invisibility {unknown}
Books
 a - a book of Flames

   Spells                             Type                      Level
   a - Flame Tongue                   Conjuration/Fire             1
   b - Throw Flame                    Conjuration/Fire             2
   c - Conjure Flame                  Conjuration/Fire             3
   d - Inner Flame                    Hexes/Fire                   3
   e - Sticky Flame                   Conjuration/Fire             4
   f - Fireball                       Conjuration/Fire             5
Comestibles
 b - 3 bread rations
 d - a meat ration


   Skills:
 - Level 1.7 Dodging
 - Level 1.7 Stealth
 + Level 3.7 Spellcasting
 * Level 3.8 Conjurations
 * Level 5.5 Fire Magic


You had 6 spell levels left.
You knew the following spells:

 Your Spells              Type           Power        Failure   Level  Hunger
a - Flame Tongue          Conj/Fire      ###..        2%          1    None
b - Throw Flame           Conj/Fire      ###...       3%          2    ##.....
c - Conjure Flame         Conj/Fire      ###.....     7%          3    ###....


Dungeon Overview and Level Annotations

Branches:
Dungeon (3/15)

Altars:
Dithmenos
Vehumet
Xom


Innate Abilities, Weirdness & Mutations

Your plain brown scales are hard. (AC +6)
You cannot fit into any form of body armour.
You are cold-blooded and may be slowed by cold attacks.


Message History

Confirm with . or Enter, or press ? or * to list all spells.
Aiming: Throw Flame
Press: ? - help, Shift-Dir - straight line, f - orc priest
Aim: an orc priest, wielding a flail, wearing a scale mail and wearing a bone ring (moderately wounded)
The puff of flame hits the centaur.
The centaur is lightly wounded.
The centaur shoots an arrow.
The arrow barely misses you.
The centaur shoots an arrow.
The arrow hits you.
The centaur shoots an arrow.
The arrow hits you.
You see here an arrow.
The centaur shoots an arrow.
The arrow hits you!
* * * LOW HITPOINT WARNING * * *
The centaur shoots an arrow.
The arrow hits you!
* * * LOW HITPOINT WARNING * * *
You see here an arrow.
Press: ? - help, v - describe, . - travel, g - get item An arrow.
The floor, spattered with blood.
The centaur shoots an arrow.
The arrow hits you!
You die...

#
#.......#####.##########
##.###.... #.#
#.....###. #.# #<.##.# .
#.# #.###.##.# . ..
#........#########....
#####>...........'....
#..........## so..# ##
#..#######@###### ...g#
.# #.... #..(...c(#
....### .#######.##
#.#.####(# ......#
.#...oo..# #.#.# #(#
......# .#g#####.### #
#.# #(# ......#
.#o#.......#.# #.#
##c###......# o#.#
###<....# #.#
#sro........# .#o#
#..o....# #..
+..(r.......# .#.#
#...og..# ###
#...........#


You could see a centaur.

Vanquished Creatures
  2 bullfrogs (Sewer)
  2 orc wizards (D:3)
  Crazy Yiuf (D:2)
  Terence (D:2)
  4 adders
  12 oozes (Sewer)
  A dart slug (D:1)
  12 leopard geckos
  4 orcs
  3 bats (D:1)
  18 giant cockroaches
  3 goblins
  7 hobgoblins
  8 kobolds
  3 quokkas (D:3)
  7 ball pythons (Sewer)
  11 frilled lizards
  3 rats (D:1)
102 creatures vanquished.

Notes
Turn   | Place    | Note
-------+----------+-------------------------------------------
     0 | D:1      | MondaySad the Draconian Fire Elementalist began the quest for the Orb.
     0 | D:1      | Reached XP level 1. HP: 14/14 MP: 3/3
   380 | D:1      | Reached XP level 2. HP: 20/20 MP: 0/5
   441 | D:1      | Learned a level 2 spell: Throw Flame
   808 | D:2      | Found a shimmering altar of Xom.
   938 | D:2      | Reached XP level 3. HP: 26/26 MP: 4/6
  1021 | D:2      | Noticed Terence
  1121 | D:2      | Killed Terence
  1121 | D:2      | Reached skill level 4 in Fire Magic
  1323 | D:2      | Found a radiant altar of Vehumet.
  1323 | D:2      | Found a shadowy altar of Dithmenos.
  1327 | D:2      | Became a worshipper of Vehumet
  1569 | D:2      | Found a runed door.
  1573 | D:2      | Noticed Crazy Yiuf
  1591 | D:2      | Killed Crazy Yiuf
  1591 | D:2      | Reached XP level 4. HP: 30/33 MP: 0/7
  1768 | D:2      | Learned a level 3 spell: Conjure Flame
  2172 | D:3      | Found a glowing drain.
  2175 | D:3      | Reached XP level 5. HP: 38/38 MP: 6/9
  2191 | Sewer    | Entered a sewer
  2452 | Sewer    | Reached * piety under Vehumet
  2452 | Sewer    | Offered knowledge of Freeze by Vehumet.
  2813 | Sewer    | Reached skill level 5 in Fire Magic
  3227 | Sewer    | Reached XP level 6. HP: 45/45 MP: 8/11
  3228 | Sewer    | Reached ** piety under Vehumet
  3228 | Sewer    | Offered knowledge of Searing Ray by Vehumet.
  3703 | D:3      | Noticed an orc warrior
  4000 | D:3      | HP: 1/45 [centaur/arrow (11)]
  4002 | D:3      | Shot with an arrow by a centaur

Skill      XL: |  1  2  3  4  5 |
---------------+----------------+-----
Fire Magic     | 4 5 |  5.5
Conjurations   | 2 3 |  3.8
Spellcasting   | 3 |  3.7
Dodging        | |  1.7
Stealth        | |  1.7

Action                   |  1- 3 |  4- 6 || total
-------------------------+-------+-------++-------
Melee: Dagger            |    12 |     4 ||    16
       Unarmed           |     4 |       ||     4
       Tailslap          |     1 |       ||     1
       Quarterstaff      |       |    11 ||    11
 Cast: Flame Tongue      |    45 |    74 ||   119
       Throw Flame       |     5 |    35 ||    40
       Conjure Flame     |       |     5 ||     5
  Use: Scroll            |     2 |       ||     2
  Eat: Chunk             |     1 |     8 ||     9
       Royal jelly       |     1 |     1 ||     2
Armor: Skin              |     4 |    21 ||    25
Dodge: Dodged            |    23 |    40 ||    63
